 Dungeon Crawl Stone Soup version 0.30-a0-371-gad7725a93e (webtiles) character file.

Game seed: 7477325544984414946

60 jfcaron the Covered (level 4, -5/40 HPs)
             Began as a Meteoran Fighter on Nov 22, 2022.
             Slain by a steam dragon (6 damage)
             ... on level 3 of the Dungeon.
             The game lasted 00:03:56 (928 turns).

jfcaron the Covered (Meteoran Fighter)               Turns: 928, Time: 00:03:57

Health: -5/40      AC:  7    Str: 20    XL:     4   Next: 50%
Magic:  5/5        EV:  9    Int:  9    God:
Gold:   71         SH:  5    Dex: 13    Spells: 3/3 levels left

rFire   . . .      SeeInvis .    a - +0 war axe
rCold   . . .      Faith    .    c - +0 buckler
rNeg    . . .      Spirit   .    b - +0 scale mail
rPois   .          Reflect  .    (no helmet)
rElec   .          Harm     .    (no cloak)
rCorr   .          Rampage  .    (no gloves)
Will    .....                    (no boots)
Stlth   ..........               (no amulet)
HPRegen 0.26/turn                (no ring)
MPRegen 0.09/turn                (no ring)

@: glowing
A: sense surroundings 1, otherworldly, glowing, explore regen
a: no special abilities


You were on level 3 of the Dungeon.
You visited 1 branch of the dungeon, and saw 4 of its levels.

You collected 71 gold pieces.

Inventory:

Hand Weapons
 a - a +0 war axe (weapon)
 j - a +2 short sword of venom
Missiles
 i - 5 poisoned darts
Armour
 b - a +0 scale mail (worn)
 c - a +0 buckler (worn)
Wands
 e - a wand of polymorph (8)
Scrolls
 f - a scroll of poison
 l - a scroll of fear {unknown}
 n - 2 scrolls of amnesia {unknown}
Potions
 d - a potion of might
 g - 2 potions of heal wounds {unknown}
 k - a potion of experience {unknown}
 m - a potion of curing {unknown}


   Skills:
 + Level 3.9 Fighting
 + Level 3.3 Axes
 + Level 4.2 Armour
 + Level 4.2 Shields


You had 3 spell levels left.
You didn't know any spells.
Your spell library was empty.

Dungeon Overview and Level Annotations

Branches:
Dungeon (4/15) Zot: 1437
 Temple: D:4-7

Altars:
Zin


Innate Abilities, Weirdness & Mutations

You passively map a small area around you.
You are easily found by Zot.
You glow in the dark.
You regain HP and MP as you explore.


Message History

You completely miss the giant cockroach.
The giant cockroach bites you but does no damage.
The orc wizard gestures at you while chanting.
The puff of flame hits you!
The giant cockroach bites you but does no damage.
You barely miss the orc. You hit the giant cockroach.
The orc hits you with a +0 short sword.
The giant cockroach bites you but does no damage.
The orc wizard mumbles some strange words.
The orc wizard flickers and vanishes!
Deactivating autopickup; reactivate with Ctrl-A.
You slash the giant cockroach!
You kill the giant cockroach!
You hit the orc. You hit the orc.
You kill the orc!
You block the steam dragon's attack.
The steam dragon claws you but does no damage.
The orc barely misses you. The steam dragon bites you.
The steam dragon claws you.
You climb upwards.
Reactivating autopickup.
There is a stone staircase leading down here.
You barely miss the steam dragon. You hit the orc but do no damage.
The steam dragon barely misses you. You block the steam dragon's attack.
The orc hits you with a +0 whip.
You slash the steam dragon!
The steam dragon is heavily wounded.
You hit the orc but do no damage. The steam dragon bites you.
The steam dragon claws you but does no damage.
You block the orc's attack.
You closely miss the steam dragon.
The steam dragon is heavily wounded.
You closely miss the orc. The steam dragon breathes steam at you.
The ball of steam hits you!!
Ouch! That really hurt!
* * * LOW HITPOINT WARNING * * *
The orc hits you but does no damage. The steam dragon bites you.
You die...

.######...# #...# #.#.#.#
#######.### #...# #.#.#.# ...##.#
##...## #.#.#.# *
#.##.#######.....# #.....###
####................# ###.#....
...)†...#...........# #.#.###
#.##.####..####.....# #.#.###
#.##.##......##..o..# #......
.....#.........D@§§##########.###
####......>.###.....#..... ,#.###
.,,..#..#.............# * #....
## ###................#####.#####
#.#.##.##............#.# #.#.
#.###.....#.##..#.# .. ..#
##...#........# *##.####
#.......#....## * #.......#.#..#*


You could see a steam dragon (catching breath) and an orc.

Vanquished Creatures
  Jessica (D:3)
  A dart slug (D:3)
  An orc (D:4)
  An endoplasm (D:1)
  2 giant cockroaches
  2 goblins
  6 hobgoblins
  4 jackals (D:1)
  2 quokkas
  A ball python (D:1)
  A bat (D:1)
  A frilled lizard (D:3)
  2 kobolds (D:1)
  4 rats
29 creatures vanquished.

Notes
Turn   | Place    | Note
-------+----------+-------------------------------------------
     0 | D:1      | jfcaron the Meteoran Fighter began the quest for the Orb.
     0 | D:1      | Reached XP level 1. HP: 19/19 MP: 2/2
    95 | D:1      | Reached XP level 2. HP: 26/26 MP: 3/3
   406 | D:1      | Reached XP level 3. HP: 29/31 MP: 4/4
   491 | D:3      | Noticed Jessica
   498 | D:3      | Killed Jessica
   499 | D:3      | Reached XP level 4. HP: 37/40 MP: 5/5
   723 | D:3      | Found a glowing silver altar of Zin.
   918 | D:4      | Noticed a steam dragon
   928 | D:3      | HP: 1/40 [steam dragon/ball of steam (21)]
   928 | D:3      | Slain by a steam dragon

Illustrated notes

Levels and vault maps discovered:
D:1:      shiori_arrival_maze, layout_loops_ring, grunt_decor_one_mirror
D:2:      layout_loops_ring, uniq_terence
D:3:      layout_loops_cross, mainiacjoe_overflow_alcove_2, uniq_jessica
D:4:      layout_loops_ring, mainiacjoe_overflow_alcove_4,
          minmay_temple_entry_waves, guppyfry_shop_venom, uniq_eustachio,
          uniq_natasha

Skill      XL: |  1  2  3 |
---------------+----------+-----
Armour         | 4 |  4.2
Shields        | 4 |  4.2
Axes           | 3 |  3.3
Fighting       | |  3.9

Action                   |  1- 3 |  4- 6 || total
-------------------------+-------+-------++-------
Melee: War axe           |    64 |    17 ||    81
Throw: Dart              |     3 |       ||     3
  Use: Scroll            |       |     3 ||     3
Armor: Scale mail        |    30 |    12 ||    42
Dodge: Dodged            |    24 |     4 ||    28
Block: Buckler           |    17 |     6 ||    23

Table legend: (Time is in decaauts)
 A = Elapsed time spent in this place.
 B = Non-inter-level travel time spent in this place.
 C = Inter-level travel time spent in this place.
 D = Time resting spent in this place.
 E = Time spent auto-exploring this place.
 F = Levels seen in this place.
 G = Mean time per level.
                   A        B        C        D        E       F      G
               +--------+--------+--------+--------+--------+-----+--------+
         Total |    961 |    839 |    122 |      2 |    361 |   4 |  240.2 |
       Dungeon |    961 |    839 |    122 |      2 |    361 |   4 |  240.2 |
               +--------+--------+--------+--------+--------+-----+--------+

Top non-repeatable levels by time:
     D:3: 422 daAuts
     D:1: 299 daAuts
     D:2: 226 daAuts
     D:4: 12 daAuts
